 Dungeon Crawl Stone Soup version 0.25-a0-886-gd7461d2276 (webtiles) character file.

Game seed: 11148478971408688054, levelgen mode: deterministic

18 Maedhros the Sneak (level 2, -10/18 HPs)
             Began as an Octopode Artificer on May 1, 2020.
             Was a Plaything of Xom.
             Mangled by a worm (12 damage)
             ... on level 2 of the Dungeon.
             The game lasted 00:01:07 (367 turns).

Maedhros the Sneak (Octopode Artificer)              Turns: 367, Time: 00:01:08

Health: -10/18     AC:  1    Str: 11    XL:     2   Next: 66%
Magic:  4/4        EV: 13    Int: 13    God:    Xom [..*...]
Gold:   43         SH:  0    Dex: 12    Spells: 1/1 levels left

rFire    . . .     SeeInvis .   a - +0 short sword
rCold    . . .     Gourm    .   (no shield)
rNeg     . . .     Faith    .   (helmet restricted)
rPois    .         Spirit   .   (no amulet)
rElec    .         Reflect  .   (no ring)
rCorr    .         Harm     .   (no ring)
MR       .....                  (no ring)
Stlth    +++.......             (no ring)
HPRegen  0.06/turn              (no ring)
MPRegen  0.09/turn              (no ring)
                                (no ring)
                                (no ring)

@: no status effects
A: almost no armour, stealthy swim, amphibious, 8 rings, constrict 8, camouflage
1, gelatinous body 1
a: Renounce Religion


You were on level 2 of the Dungeon.
You worshipped Xom.
You were a toy of Xom.
You were not hungry.

You visited 1 branch of the dungeon, and saw 2 of its levels.

You collected 43 gold pieces.

Inventory:

Hand Weapons
 a - a +0 short sword (weapon)
Wands
 b - a wand of flame (15)
 c - a wand of enslavement (15)
 d - a wand of random effects (15)
Comestibles
 f - 2 rations


   Skills:
 - Level 1.0 Fighting
 - Level 1.0 Short Blades
 - Level 2.0 Dodging
 + Level 3.8 Stealth
 - Level 3.2 Evocations


You had one spell level left.
You didn't know any spells.
Your spell library was empty.

Dungeon Overview and Level Annotations

Branches:
Dungeon (2/15)

Altars:
Xom


Innate Abilities, Weirdness & Mutations

You cannot wear most types of armour.
You are very stealthy in the water. (Stealth+)
You are amphibious.
You can wear up to eight rings at the same time.
You can use your tentacles to constrict eight enemies at once.
Your skin changes colour to match your surroundings (Stealth+).
Your rubbery body absorbs attacks. (AC +1, EV +1)


Message History

The worm is lightly wounded.
You constrict the worm. You barely miss the worm.
The worm is lightly wounded.
You constrict the worm. The worm bites you!
Ouch! That really hurt!
* * * LOW HITPOINT WARNING * * *
Xom is interested.
You emit a cloud of colourful smoke!
You hit the worm. You squeeze the worm.
The worm is moderately wounded.
You constrict the worm. You hit the worm.
The worm is severely wounded.
You constrict the worm. The worm barely misses you.
You hit the worm.
The worm is almost dead.
You constrict the worm. The worm bites you!
Ouch! That really hurt!
You die...
Xom is highly amused!

##.....####.# ##.....#...
##...#*
#.#########...##.. ####*
#......# ###..#...
####.#.###........
#.#............
#.)....†....... ***
##.............
*.##########.............
*.....§§@w§#.............
*#########§#..w.#........
##....r.#........
#..%.............
####....####..... ######
*...., *,..,, *,,,,,
******


You could see a worm.

Vanquished Creatures
  A leopard gecko (D:1)
  2 giant cockroaches (D:1)
  2 goblins
  3 hobgoblins (D:2)
  2 kobolds (D:1)
  A quokka (D:2)
  3 rats
14 creatures vanquished.

Notes
Turn   | Place    | Note
-------+----------+-------------------------------------------
     0 | D:1      | Maedhros the Octopode Artificer began the quest for the
                  | Orb.
     0 | D:1      | Reached XP level 1. HP: 13/13 MP: 3/3
   185 | D:1      | Reached XP level 2. HP: 6/18 MP: 4/4
   284 | D:2      | Found a shimmering altar of Xom.
   294 | D:2      | Became a worshipper of Xom of Chaos
   364 | D:2      | XOM: smoke on damage
   367 | D:2      | Mangled by a worm

Levels and vault maps discovered:
D:1:      denvon_arrival_hothouse, layout_loops_ring
D:2:      layout_rooms, xom_teletrap_fun, first_ration, minmay_misc_feat_rugged,
          kennysheep_generic_room_14

Skill      XL: |  1 |
---------------+----+-----
Stealth        | 3 |  3.8
Fighting       | |  1.0
Short Blades   | |  1.0
Dodging        | |  2.0
Evocations     | |  3.2

Action                   || total
-------------------------++-------
Melee: Mace              ||    21
       Constrict         ||    10
       Short sword       ||     9
       Tentacles         ||     4
  Use: Scroll            ||     2
 Stab: Sleeping          ||     3
Dodge: Dodged            ||    16

Table legend:
 A = Non-vault XP
 B = Vault XP
 C = Vault XP percentage of total XP
 D = Non-vault monster count
 E = Vault monster count
 F = Vault count percentage of total count
                 A         B        C        D         E       F
            +---------+---------+-------+---------+---------+-------
      Total |      26 |       0 |   0.0 |      14 |       0 |   0.0
            +---------+---------+-------+---------+---------+-------
        D:1 |      14 |       0 |   0.0 |       7 |       0 |   0.0
        D:2 |      12 |       0 |   0.0 |       7 |       0 |   0.0
            +---------+---------+-------+---------+---------+-------
